 Dungeon Crawl Stone Soup version 0.31-a0-851-g7ff8af7976 (webtiles) character file.

Game seed: 5016966853106579705

4 LeprechaunX the Changeling (level 1, -2/13 HPs)
             Began as an Octopode Shapeshifter on Oct 6, 2023.
             Slain by a kobold
             ... wielding a +0 short sword
              (4 damage)
             ... on level 1 of the Dungeon.
             The game lasted 00:00:09 (56 turns).

LeprechaunX the Changeling (Octopode Shapeshifter)    Turns: 56, Time: 00:00:10

Health: -2/13      AC:  1    Str: 13    XL:     1   Next: 60%
Magic:  1/1        EV: 13    Int: 12    God:
Gold:   14         SH:  0    Dex: 11    Spells: 0/0 levels left

rFire   . .          .
                       - Unarmed
rCold   . . .        (no shield)
rNeg    . . .        (helmet currently unavailable)
rPois   .            (no amulet)
rElec   .            (no ring)
rCorr   .            (no ring)
SInv    .            (no ring)
Will    .....        (no ring)
Stlth   ++           (no ring)
HPRegen 0.22/turn    (no ring)
MPRegen 0.07/turn    (no ring)
                     (no ring)

%: no passive effects
@: beast-form
A: beast (slay +1), almost no armour, amphibious, 8 rings, camouflage 1,
gelatinous body 1, (nimble swimmer 1), tentacles
a: Begin Untransformation


You were on level 1 of the Dungeon.
You were a hulking beast.
You visited 1 branch of the dungeon, and saw 1 of its levels.

You collected 14 gold pieces.

Inventory:

Talismans
 b - a beast talisman (active)
 c - a flux talisman
Potions
 a - a potion of lignification


   Skills:
 + Level 1.1 Fighting
 + Level 2.0 Dodging
 + Level 3.0 Unarmed Combat
 * Level 3.1 Shapeshifting


You couldn't memorise any spells.
You didn't know any spells.
Your spell library was empty.

Dungeon Overview and Level Annotations

Branches:
Dungeon (1/15)

Altars:


Innate Abilities, Weirdness & Mutations

You are a hulking beast.
Your limbs bulge with bestial killing power. (Slay +1)
You cannot wear most types of armour.
You are amphibious.
You can wear up to eight rings at the same time.
Your skin changes colour to match your surroundings (Stealth+).
Your rubbery body absorbs attacks. (AC +1, EV +1)
((You are camouflaged when in or above water. (Stealth+)))
You have tentacles for arms and can constrict up to eight enemies at once.


Message History

A rat and a kobold come into view.
The hobgoblin shouts!
The kobold shouts!
An endoplasm comes into view.
Found 8 gold pieces.
You barely miss the endoplasm.
The endoplasm quivers.
You squeeze the endoplasm.
You kill the endoplasm!
You bludgeon the rat!
You kill the rat!
The kobold hits you with a +0 short sword.
You tentacle-slap the kobold. Your grab misses the kobold.
Your squeeze misses the kobold.
The kobold is severely wounded.
The kobold barely misses you. The hobgoblin hits you.
You are too injured to fight recklessly!
You are too injured to fight recklessly!
You are too injured to fight recklessly!
You are too injured to fight recklessly!
You are too injured to fight recklessly!
You are too injured to fight recklessly!
You are too injured to fight recklessly!
You are too injured to fight recklessly!
You are too injured to fight recklessly!
You are too injured to fight recklessly!
You are too injured to fight recklessly!
You are too injured to fight recklessly!
You are too injured to fight recklessly!
You are too injured to fight recklessly!
You are too injured to fight recklessly!
You are too injured to fight recklessly!
You are too injured to fight recklessly!
You are too injured to fight recklessly!
Unknown command.
The endoplasm barely misses you. The kobold completely misses you.
The hobgoblin hits you.
* * * LOW HITPOINT WARNING * * *
You barely miss the endoplasm. The endoplasm closely misses you.
The kobold hits you with a +0 short sword.
You die...

########.###.#...# #
........## ##.#)##.###
##......# #........#
#.####.## ##.#.##.#.. #.
##.###....#
.###.#####...##'###
........##.#.#...#
........##...#...# ~#
.......h...#.#...#~.≈#
......JKg...$#...#~.~#
#.......##.#.#...#~.~#≈≈
#.......##.#.#...#~.~#≈.
#.......##.#.#...#...#..
##$....###.# #..........
#....# #.# #..........
....# .# #..........
#..........


You could see an endoplasm, a hobgoblin and a kobold.

Vanquished Creatures
  An endoplasm (D:1)
  A kobold (D:1)
  2 rats (D:1)
4 creatures vanquished.

Notes
Turn   | Place    | Note
-------+----------+-------------------------------------------
     0 | D:1      | LeprechaunX the Octopode Shapeshifter began the quest for
                  | the Orb.
     0 | D:1      | Reached XP level 1. HP: 13/13 MP: 1/1
    56 | D:1      | Slain by a kobold

Illustrated notes

Levels and vault maps discovered:
D:1:      lightli_arrival_quake, layout_loops_ring

Action                     || total
---------------------------++-------
  Melee: Unarmed           ||     6
         Tentacles         ||     1
   Stab: Sleeping          ||     1
 Armour: Skin              ||     5
  Dodge: Dodged            ||     4

Table legend: (Time is in decaauts)
 A = Elapsed time spent in this place.
 B = Non-inter-level travel time spent in this place.
 C = Inter-level travel time spent in this place.
 D = Time resting spent in this place.
 E = Time spent auto-exploring this place.
 F = Levels seen in this place.
 G = Mean time per level.
                   A        B        C        D        E       F      G
               +--------+--------+--------+--------+--------+-----+--------+
         Total |     55 |     55 |      0 |      0 |     39 |   1 |   55.0 |
       Dungeon |     55 |     55 |      0 |      0 |     39 |   1 |   55.0 |
               +--------+--------+--------+--------+--------+-----+--------+

Top non-repeatable levels by time:
     D:1: 55 daAuts
